AoeStats
← cobanizer

Arena

510416416Analyzed
4v4 RM · 24h ago on Sep 30, 2026· 50m 6s· 8 players
Game mode
Random Map
Map size
Large (8 player)
Population
200
Speed
Normal
Resources
Standard
Victory
Conquest
Starting age
Dark Age
Ending age
Imperial Age
RankedLock teamsTeams togetherTeam positionsShared explorationLock speedFull tech treeHidden civsTurbo modeCheats
Victory
Defeat
🇩🇪 Teutons · Germany
1138
+19
🇨🇦 Vietnamese · Canada
1130
+19
🇲🇽 Burgundians · Mexico
1124
+19
🇺🇸 Saxons · United States
1095
+20
🇬🇧 Shu · United Kingdom
1286
-22
🇺🇸 Romans · United States
1226
-21
🇺🇸 Cumans · United States
1219
-20
🇨🇦 Hindustanis · Canada
1060
-14
mrbubbles019
10:23 Feudal Age
10:25 Feudal Age
14:43 Castle Age
12:34 Double-Bit Axe
13:41 Horse Collar
14:52 Loom
25:36 Wheelbarrow
24:48 Town Watch
31:55 Imperial Age
28:58 Man-at-Arms
29:51 Long Swordsman
30:53 Heavy Plow
32:19 Fortified Wall
32:30 Stone Mining
32:34 Gold Mining
33:13 Forging
33:48 Scale Mail Armor
34:53 Two-Handed Swordsman
35:18 Gambesons
35:34 Squires
35:22 Arson
36:21 Hand Cart
35:41 Shield Wall
37:05 Iron Casting
37:05 Champion
38:55 Chain Mail Armor
40:05 Plate Mail Armor
41:59 Conscription
42:14 Bow Saw
42:49 Crop Rotation
42:27 Fletching
42:37 Padded Archer Armor
42:04 Pikeman
44:41 Bodkin Arrow
45:01 Leather Archer Armor
45:17 Elite Skirmisher
46:03 Thumb Ring
47:45 Imperial Skirmisher
48:40 Guilds
50:33 Bracer
51:04 Ring Archer Armor
50:57 Ballistics
51:37 Chemistry
50:28 Guard Tower
mark4u.24
10:52 Feudal Age
12:24 Loom
15:09 Castle Age
13:32 Double-Bit Axe
13:29 Horse Collar
14:06 Gold Mining
22:30 Wheelbarrow
23:01 Hand Cart
27:36 Bow Saw
28:58 Heavy Plow
33:34 Imperial Age
31:46 Thumb Ring
32:06 Fletching
31:39 Elite Skirmisher
32:49 Bodkin Arrow
33:11 Padded Archer Armor
35:18 Chemistry
34:39 Ballistics
34:05 Pikeman
34:46 Squires
34:58 Bracer
35:13 Leather Archer Armor
34:40 Imperial Skirmisher
35:14 Elite Rattan Archer
38:03 Ring Archer Armor
43:06 Siege Engineers
46:22 Halberdier
48:33 Paper Money
49:14 Bloodlines
49:04 Husbandry
48:25 Light Cavalry
cobanizer
10:50 Feudal Age
14:57 Castle Age
13:13 Double-Bit Axe
15:53 Wheelbarrow
16:04 Bow Saw
15:37 Horse Collar
23:42 Hand Cart
23:52 Loom
25:39 Town Watch
27:03 Town Patrol
30:15 Imperial Age
28:07 Forging
28:28 Bloodlines
29:13 Scale Barding Armor
29:43 Iron Casting
30:44 Chain Barding Armor
30:19 Cavalier
30:34 Pikeman
31:15 Squires
31:00 Arson
31:14 Halberdier
35:12 Blast Furnace
34:12 Scale Mail Armor
34:00 Paladin
36:16 Plate Barding Armor
KINGUARDIANS
10:35 Feudal Age
14:24 Castle Age
12:18 Double-Bit Axe
12:23 Horse Collar
13:16 Bow Saw
13:54 Heavy Plow
18:38 Loom
18:39 Town Watch
21:02 Gold Mining
22:09 Scale Barding Armor
23:16 Wheelbarrow
23:22 Forging
25:06 Iron Casting
24:18 Cavalier
29:26 Imperial Age
27:02 Husbandry
28:12 Gold Shaft Mining
28:55 Chain Barding Armor
29:47 Hand Cart
31:13 Blast Furnace
29:40 Light Cavalry
30:38 Pikeman
31:19 Squires
31:58 Scale Mail Armor
31:34 Halberdier
31:59 Arson
32:38 Conscription
32:54 Burgundian Vineyards
33:26 Hoardings
32:49 Stone Mining
34:43 Chain Mail Armor
36:04 Plate Mail Armor
38:55 Plate Barding Armor
39:42 Two-Man Saw
39:47 Chemistry
38:58 Fortified Wall
41:16 Ballistics
40:54 Fletching
41:40 Masonry
41:16 Hussar
42:24 Bodkin Arrow
43:55 Bracer
49:29 Crossbowman
49:31 Elite Skirmisher
Bostonstrain
7:04 Loom
9:27 Feudal Age
11:29 Double-Bit Axe
14:49 Wheelbarrow
14:01 Horse Collar
15:49 Gold Mining
19:51 Forging
20:50 Scale Barding Armor
23:46 Castle Age
22:53 Bloodlines
24:11 Stone Mining
24:53 Chain Barding Armor
25:09 Iron Casting
24:27 Capped Ram
27:47 Hand Cart
32:04 Pikeman
32:45 Squires
32:55 Fletching
33:06 Padded Archer Armor
38:34 Imperial Age
37:51 Gold Shaft Mining
36:40 Light Cavalry
37:45 Steppe Husbandry
37:49 Bodkin Arrow
38:10 Leather Archer Armor
38:19 Heavy Plow
42:05 Blast Furnace
42:12 Conscription
41:55 Hussar
45:52 Plate Barding Armor
48:09 Cavalier
BallonPrince5
11:15 Feudal Age
12:11 Double-Bit Axe
12:24 Horse Collar
15:23 Castle Age
16:23 Bow Saw
16:49 Heavy Plow
16:43 Gold Mining
18:22 Wheelbarrow
20:50 Gold Shaft Mining
21:35 Stone Mining
22:57 Stone Shaft Mining
22:13 Loom
22:16 Town Watch
27:55 Imperial Age
26:03 Bloodlines
26:34 Husbandry
26:45 Scale Barding Armor
27:02 Fervor
27:19 Forging
28:05 Chain Barding Armor
27:56 Forging
28:05 Heavy Camel Rider
29:51 Chemistry
29:02 Fortified Wall
29:24 Forging
29:51 Plate Barding Armor
30:10 Forging
32:14 Iron Casting
31:44 Imperial Camel Rider
33:20 Masonry
33:23 Town Patrol
34:35 Blast Furnace
35:05 Conscription
34:46 Grand Trunk Road
35:16 Fletching
35:41 Scale Mail Armor
35:43 Padded Archer Armor
36:32 Bodkin Arrow
36:42 Murder Holes
37:45 Leather Archer Armor
38:01 Bracer
39:23 Ring Archer Armor
40:59 Shatagni
41:35 Hoardings
41:24 Ballistics
43:46 Coinage
45:26 Banking
44:59 Light Cavalry
46:57 Hussar
onesecimpoopin
10:46 Feudal Age
15:06 Castle Age
13:00 Stone Mining
13:18 Double-Bit Axe
13:26 Horse Collar
15:45 Wheelbarrow
14:57 Town Watch
16:13 Bow Saw
18:58 Fletching
19:17 Gold Mining
25:02 Ballistas
26:17 Scale Barding Armor
26:31 Hand Cart
28:44 Heavy Plow
28:52 Loom
29:08 Town Patrol
29:48 Gold Shaft Mining
30:20 Forging
30:40 Ballistics
30:22 Scale Mail Armor
30:21 Man-at-Arms
31:01 Squires
31:10 Long Swordsman
31:31 Pikeman
33:03 Chain Mail Armor
34:43 Iron Casting
36:51 Imperial Age
35:09 Masonry
37:56 Conscription
37:57 Comitatenses
37:52 Siege Engineers
38:53 Chemistry
38:08 Halberdier
39:42 Heavy Scorpion
41:00 Legionary
45:27 Blast Furnace
Calum1Ltv
10:08 Feudal Age
13:45 Castle Age
11:44 Double-Bit Axe
12:21 Horse Collar
14:47 Bow Saw
22:51 Wheelbarrow
25:05 Loom
25:39 Hand Cart
26:12 Gold Mining
30:36 Imperial Age
28:21 Fletching
28:37 Crossbowman
29:14 Bodkin Arrow
29:40 Fortified Wall
30:03 Thumb Ring
30:37 Padded Archer Armor
30:39 Scale Mail Armor
30:50 Forging
30:43 Arbalester
31:24 Bracer
31:40 Leather Archer Armor
30:47 Pikeman
31:28 Squires
34:12 Chemistry
34:18 Ring Archer Armor
34:05 Chain Mail Armor
35:05 Halberdier
36:39 Plate Mail Armor
36:31 Bolt Magazine
38:05 Caravan
38:27 Elite Skirmisher
39:39 Conscription
40:01 Elite White Feather Guard
42:27 Siege Engineers
42:32 Masonry
45:00 Murder Holes
48:01 Architecture
Connection lost

Rejoining the realm…

Still unreachable

The connection could not be restored.

Session expired

The server has moved on; the page needs a fresh start.